 Dungeon Crawl Stone Soup version 0.29.0-4-gdea44cf6ec (webtiles) character file.

Game seed: 117444109023105465

9530 DemonSlayer the Arsonist (level 11, -7/72 HPs)
             Began as a Demonspawn Fire Elementalist on Aug 26, 2022.
             Mangled by a sun demon (13 damage)
             ... on level 9 of the Dungeon.
             The game lasted 00:37:12 (16508 turns).

DemonSlayer the Arsonist (DsFE)                    Turns: 16508, Time: 00:37:13

Health: -7/72      AC:  8    Str:  7      XL:     11   Next: 24%
Magic:  13/24      EV: 12    Int: 15 (20) God:
Gold:   725        SH:  3    Dex: 14      Spells: 9/29 levels left

rFire   . . .      SeeInvis .   b - +4 dagger (freeze)
rCold   . . .      Faith    .   v - +0 buckler
rNeg    . . .      Spirit   .   a - +0 troll leather armour
rPois   .          Reflect  .   d - +2 helmet
rElec   .          Harm     .   i - +0 cloak
rCorr   .          Rampage  .   (gloves unavailable)
Will    .....                   (no boots)
Stlth   ++++......              j - amulet of the acrobat
HPRegen 1.02/turn               (no ring)
MPRegen 0.19/turn               (no ring)

@: about to teleport
A: claws 3, foul stench 2, sturdy frame 3, demonic magic 1, weak 1
a: no special abilities


You were on level 9 of the Dungeon.
You visited 2 branches of the dungeon, and saw 10 of its levels.
You also visited: Bailey.

You collected 1079 gold pieces.
You spent 354 gold pieces at shops.

Inventory:

Hand Weapons
 b - a +4 dagger of freezing (weapon)
Missiles
 r - 3 atropa-tipped darts
Armour
 a - a +0 troll leather armour (worn)
 d - a +2 helmet (worn)
 i - a +0 cloak (worn)
 s - a +2 robe of positive energy
 v - a +0 buckler (worn)
Jewellery
 j - an amulet of the acrobat (around neck)
Wands
 o - a wand of light (7)
 t - a wand of mindburst (16)
 y - a wand of digging (5)
 A - a wand of flame (40)
Scrolls
 e - 3 scrolls of blinking
 g - 3 scrolls of fear
 l - 2 scrolls of enchant armour
 m - 2 scrolls of vulnerability
 n - 2 scrolls of teleportation
 p - 3 scrolls of silence
 q - a scroll of butterflies
 D - a scroll of poison
Potions
 f - 2 potions of heal wounds
 h - 2 potions of brilliance
 k - a potion of curing {unknown}
 u - 2 potions of lignification
 w - 2 potions of flight
 z - 5 potions of attraction
Miscellaneous
 c - a box of beasts


   Skills:
 + Level 1.6 Fighting
 + Level 2.5 Short Blades
 + Level 1.3 Maces & Flails
 + Level 1.0 Throwing
 + Level 3.2 Dodging
 + Level 7.3 Stealth
 + Level 9.8 Spellcasting
 + Level 3.1 Conjurations
 + Level 10.2 Fire Magic
 + Level 1.1 Evocations


You had 9 spell levels left.
You knew the following spells:

 Your Spells              Type           Power      Damage    Failure   Level
a - Foxfire               Conj/Fire      100%       2x1d9     1%          1
b - Scorch                Fire           76%        2d8       1%          2
c - Conjure Flame         Conj/Fire      27%        6-21      2%          3
d - Flame Wave            Conj/Fire      27%        2d9       9%          4
e - Summon Ice Beast      Ice/Summ       7%         N/A       80%         4
f - Passwall              Tmut/Erth      5%         N/A       21%         2
g - Airstrike             Air            3%         2d(1-17)  80%         4

Your spell library contained the following spells:

 Spells                   Type           Power      Damage    Failure   Level
 Inner Flame              Hex/Fire       22%        N/A       4%          3
 Shock                    Conj/Air       48%        1d6       7%          1
 Ensorcelled Hibernation  Hex/Ice        14%        N/A       21%         2
 Swiftness                Air            7%         N/A       38%         3
 Freezing Cloud           Conj/Ice/Air   5%         6-21      94%         5
 Summon Mana Viper        Hex/Summ       7%         N/A       98%         5
 Monstrous Menagerie      Summ           3%         N/A       100%        7
 Polar Vortex             Ice            3%         N/A       100%        9


Dungeon Overview and Level Annotations

Branches:
Dungeon (9/15)             Temple (1/1) D:6          Bailey (visited)
   Lair: D:8-11         Orc: D:9-12

Altars:
Ashenzari
Dithmenos
Fedhas
Gozag
Hepliaklqana
Kikubaaqudgha
Makhleb
Nemelex Xobeh
Okawaru
Qazlal
Ru
Sif Muna
Trog
Uskayaw
Vehumet
Wu Jian
Xom
Yredelemnul

Shops:
D:2 :*:   D:6 ?   D:8 [


Innate Abilities, Weirdness & Mutations

You have claws for hands.
You sometimes emit foul miasma when damaged in melee.
Your movements are significantly less encumbered by armour. (ER -6)
Spells you cast may paralyse adjacent enemies.
You are weak. (Str -2)


Message History

You start resting.
You feel a little less mighty now.
You start resting.
Magic restored.
You start waiting.
A sun demon comes into view.
A sun demon is nearby!
A sun demon is nearby!
Things that are here:
a +0 dagger; a +0 robe; an orc corpse
Things that are here:
a +0 whip; an orc corpse
Things that are here:
a +0 whip; an orc corpse You see here a +2 helmet.
d - a +2 helmet You start putting on your armour.
You continue putting on your +2 helmet. x4
You finish putting on your +2 helmet.
The sun demon shouts!
Flames lash the sun demon but do no damage.
Malevolent energies surge around you. The sun demon barely misses you.
Flames lash the sun demon.
The sun demon completely resists.
Malevolent energies surge around you. The sun demon barely misses you.
Flames lash the sun demon.
The sun demon completely resists.
Malevolent energies surge around you.
The sun demon hits you but does no damage.
Flames lash the sun demon but do no damage.
Malevolent energies surge around you. The sun demon closely misses you. x2
Flames lash the sun demon.
The sun demon completely resists.
Malevolent energies surge around you. The sun demon hits you!
You are engulfed in flames!
You emit a cloud of foul miasma!
Flames lash the sun demon.
The sun demon completely resists.
Malevolent energies surge around you. The sun demon hits you!
You are engulfed in flames!
You feel much better. The sun demon hits you!
You are engulfed in flames!
As you read the scroll of teleportation, it crumbles to dust.
You feel strangely unstable. The sun demon hits you!!
* * * LOW HITPOINT WARNING * * *
You are engulfed in flames!
You die...

**** *,,* *,,* *,<* ***,,*
############ ######## **,,,,**
#/.........#####..##...
*,,**,.**#..........##.....##...
**,****..,#..........##.###.##...
,,,**,,,#.#.....@....#..##..##...
*****,**#.......3....#.##..###...
*,,,,* *#......)...†#.##........
*,,,,* #....)##..##......##....
***,,,***#####.##...#......#.....
,,*,*,,,,,***#...............#...
,,,,,,,,,,,,,..##......##########
,,,*,,,,,,,*##.##...#..#*****
,,,,,,,,,,,,,..###......,,,,*


You could see a sun demon.

Vanquished Creatures
  Pikel (D:9)
  A cyclops (D:7)
  An orc sorcerer (Bailey)
  A rust devil (D:9)
  Joseph (D:7)
  Maggie (D:6)
  A kobold demonologist (Bailey)
  A troll (D:7)
  Prince Ribbit (D:6)
  2 hornets (D:9)
  Grinder (D:4)
  2 ynoxinuls (D:9)
  Sigmund (D:3)
  2 wyverns
  A vampire (D:7)
  A neqoxec (D:9)
  A steam dragon (D:8)
  2 water moccasins
  15 orc warriors
  2 black bears
  An ice beast (D:6)
  An ogre (D:6)
  4 centaurs
  A kobold brigand (D:8)
  6 bullfrogs
  3 necrophages
  A gnoll sergeant (D:7)
  A scorpion (D:4)
  14 wights
  4 howler monkeys
  3 electric eels (Bailey)
  3 hounds
  A quasit (D:9)
  8 orc priests
  Crazy Yiuf (D:3)
  2 jellies (D:7)
  3 iguanas
  9 orc wizards
  3 gnolls (D:5)
  5 adders
  3 shadow imps
  A white imp (D:6)
  A worm (D:2)
  A dart slug (D:3)
  51 orcs
  8 ball pythons
  A bat (D:1)
  6 endoplasms
  2 giant cockroaches
  14 goblins
  12 hobgoblins
  4 jackals (D:2)
  6 kobolds
  4 quokkas
  2 frilled lizards (D:1)
  6 rats
235 creatures vanquished.

Vanquished Creatures (others)
  9 demonic plants (D:9)
  305 foxfires
  15 fungi
329 creatures vanquished.

Grand Total: 564 creatures vanquished

Notes
Turn   | Place    | Note
-------+----------+-------------------------------------------
     0 | D:1      | DemonSlayer the Demonspawn Fire Elementalist began the
                  | quest for the Orb.
     0 | D:1      | Reached XP level 1. HP: 13/13 MP: 3/3
   211 | D:1      | Found a faded altar of an unknown god.
   236 | D:1      | Reached skill level 3 in Fire Magic
   325 | D:1      | Gained mutation: You have sharp fingernails. [demonic
                  | ancestry]
   325 | D:1      | Reached XP level 2. HP: 19/19 MP: 0/5
   328 | D:1      | Learned a level 2 spell: Scorch
  1826 | D:2      | Gained mutation: You have very sharp fingernails. [demonic
                  | ancestry]
  1826 | D:2      | Reached XP level 3. HP: 24/24 MP: 1/6
  1872 | D:2      | Found Vidwiqir's Assorted Antiques.
  1873 | D:2      | You fall into a shaft and drop 1 floor!
  2342 | D:2      | Bought a scroll labelled IZOUJI YNLU for 31 gold pieces
  2342 | D:2      | Bought a scroll labelled QIVE NEPLUM for 31 gold pieces
  2342 | D:2      | Bought a scroll labelled WIPLO MEIMU for 31 gold pieces
  2342 | D:2      | Bought a scroll labelled MOFU OQAURO for 31 gold pieces
  2342 | D:2      | Bought a scroll labelled NEGORU TIHESOL for 31 gold pieces
  2410 | D:2      | Bought a fuming yellow potion for 27 gold pieces
  2526 | D:2      | Found Hoarurgh's Book Emporium.
  2613 | D:2      | Found Xeuwenas's Book Shoppe.
  3058 | D:2      | Learned a level 3 spell: Conjure Flame
  3237 | D:3      | Gained mutation: Your movements are slightly less
                  | encumbered by armour. (ER -2) [demonic ancestry]
  3237 | D:3      | Reached XP level 4. HP: 20/30 MP: 3/8
  3421 | D:3      | Noticed Sigmund
  3468 | D:3      | Killed Sigmund
  3469 | D:3      | Reached skill level 1 in Maces & Flails
  3469 | D:3      | Gained mutation: Spells you cast may paralyse adjacent
                  | enemies. [demonic ancestry]
  3469 | D:3      | Reached XP level 5. HP: 36/36 MP: 6/10
  3995 | D:3      | Learned a level 4 spell: Flame Wave
  4038 | D:3      | Reached skill level 4 in Fire Magic
  4038 | D:3      | Gained mutation: You have claws for hands. [demonic
                  | ancestry]
  4038 | D:3      | Reached XP level 6. HP: 42/42 MP: 8/11
  4322 | D:3      | Found a runed translucent door.
  4323 | D:3      | Noticed Crazy Yiuf
  4767 | D:3      | Killed Crazy Yiuf
  5085 | D:4      | Noticed Grinder
  5097 | D:4      | Killed Grinder
  5098 | D:4      | Reached XP level 7. HP: 26/47 MP: 2/13
  5269 | D:4      | Reached skill level 5 in Fire Magic
  5493 | D:4      | Reached skill level 1 in Fighting
  5730 | D:4      | Reached skill level 1 in Short Blades
  6317 | D:4      | Learned a level 4 spell: Summon Ice Beast
  6346 | D:5      | Entered Level 5 of the Dungeon
  6438 | D:5      | Reached skill level 5 in Spellcasting
  6764 | D:5      | Found an ornate altar of the Wu Jian Council.
  6764 | D:5      | Found a bloodstained altar of Trog.
  6845 | D:5      | Gained mutation: You may rarely emit foul miasma when
                  | damaged in melee. [demonic ancestry]
  6845 | D:5      | Reached XP level 8. HP: 41/54 MP: 8/15
  7307 | D:5      | Learned a level 2 spell: Passwall
  7457 | D:6      | Noticed Prince Ribbit
  7463 | D:6      | Reached skill level 6 in Fire Magic
  7469 | D:6      | Killed Prince Ribbit
  7798 | D:6      | Found Docafeh's Magic Scroll Shoppe.
  7805 | D:6      | Bought a scroll of enchant weapon for 112 gold pieces
  7805 | D:6      | Bought a scroll of fear for 60 gold pieces
  7974 | D:6      | Noticed Maggie
  7989 | D:6      | Killed Maggie
  7990 | D:6      | Gained mutation: Your movements are less encumbered by
                  | armour. (ER -4) [demonic ancestry]
  7990 | D:6      | Reached XP level 9. HP: 40/59 MP: 3/18
  8494 | D:6      | Found a staircase to the Ecumenical Temple.
  8646 | Temple   | Entered the Ecumenical Temple
  8994 | D:7      | Reached skill level 7 in Fire Magic
  9008 | D:7      | Noticed Joseph
  9023 | D:7      | Killed Joseph
  9410 | D:7      | Reached skill level 5 in Stealth
  9421 | D:7      | Reached skill level 1 in Throwing
 10179 | D:7      | Reached skill level 8 in Fire Magic
 10238 | D:7      | Found a hide-covered altar of Uskayaw.
 10396 | D:7      | Noticed a cyclops
 10398 | D:7      | Noticed a two-headed ogre
 10398 | D:7      | Noticed a troll
 10401 | D:7      | Killed a troll
 10700 | D:7      | Identified the +1 scale mail "Piol" {Harm Fly Str-5 SInv}
 10702 | D:7      | Identified the +9 falchion of Intuition {antimagic, rC+
                  | Int+4 SInv}
 10720 | D:7      | Gained mutation: Your movements are significantly less
                  | encumbered by armour. (ER -6) [demonic ancestry]
 10720 | D:7      | Reached XP level 10. HP: 66/66 MP: 5/22
 10729 | D:7      | Killed a cyclops
 11407 | D:7      | Learned a level 4 spell: Airstrike
 11701 | D:8      | Reached skill level 9 in Fire Magic
 12179 | D:8      | Found Arenes's Antique Armour Emporium.
 13231 | D:9      | Noticed a smoke demon
 13597 | D:9      | Noticed Pikel
 13598 | D:9      | Found a flagged portal.
 13610 | Bailey   | Entered a bailey
 15603 | Bailey   | Found an iron altar of Okawaru.
 15605 | Bailey   | Noticed an orc sorcerer
 15614 | Bailey   | Killed an orc sorcerer
 15615 | Bailey   | Reached skill level 1 in Evocations
 15615 | Bailey   | Gained mutation: You sometimes emit foul miasma when
                  | damaged in melee. [demonic ancestry]
 15615 | Bailey   | Reached XP level 11. HP: 40/71 MP: 14/24
 15937 | Bailey   | Got the Tome of the Salmon
 16206 | Bailey   | Acquired 424 gold pieces
 16216 | D:9      | Killed Pikel
 16278 | D:9      | Reached skill level 10 in Fire Magic
 16300 | D:9      | Gained mutation: You are weak. (Str -2) [a neqoxec]
 16484 | D:9      | Noticed a sun demon
 16508 | D:9      | Mangled by a sun demon

Illustrated notes

Levels and vault maps discovered:
D:1:      scummos_arrival_checkerplants, layout_basic,
          chequers_ecumenical_altar_simple, hangedman_decor_opposing
D:2:      layout_basic, serial_shops, shop, shop, nicolae_shop_crystal
D:3:      layout_loops_ring, uniq_sigmund, uniq_crazy_yiuf_cottage
D:4:      layout_layer_cave, skrybe_limestone_x, reono_crystal_passage,
          uniq_grinder
D:5:      layout_basic, gammafunk_temple_overflow_statue
D:6:      layout_loops_cross, minmay_temple_entry_enclosed_plants, serial_shops,
          shop, uniq_prince_ribbit1, uniq_maggie
D:7:      minmay_blocky_corners, layout_basic, mainiacjoe_overflow_brackets,
          ebering_dispersal_statue_hall, uniq_joseph
D:8:      minmay_angry_zag, layout_loops_corners, serial_shops,
          nicolae_shop_statue_plus, corexii_hall_statues_deadend,
          hangedman_decor_slide_cut, blue_anna_alchemist
D:9:      layout_rooms, mainiacjoe_overflow_cross_hatched, enter_bailey_4,
          serial_demonic, serial_demonic_c, serial_demonic_a, serial_demonic_b,
          serial_demonic_a, serial_demonic_b, serial_demonic_c, uniq_pikel
Temple:   nicolae_temple_bog_church

Skill      XL: |  1  2  3  4  5  6  7  8  9 10 11 |
---------------+----------------------------------+-----
Fire Magic     | 3 4 5 6 8 9 10 | 10.2
Dodging        | 2 3 |  3.2
Stealth        | 2 3 4 5 6 7 |  7.3
Maces & Flails | 1 |  1.3
Spellcasting   | 3 4 5 6 8 9 |  9.8
Conjurations   | 2 3 |  3.1
Fighting       | 1 |  1.6
Short Blades   | 1 2 |  2.5
Throwing       | 1 |  1.0
Evocations     | 1 |  1.1

Action                   |  1- 3 |  4- 6 |  7- 9 | 10-12 || total
-------------------------+-------+-------+-------+-------++-------
Melee: Whip              |    25 |    17 |       |       ||    42
       Dagger            |       |     9 |    57 |    54 ||   120
       Punch             |       |       |     2 |       ||     2
Throw: Dart              |       |       |    11 |     1 ||    12
       Throwing net      |       |       |     4 |       ||     4
 Cast: Foxfire           |   115 |       |    53 |    19 ||   187
       Scorch            |       |    31 |   103 |   117 ||   251
       Conjure Flame     |       |       |     2 |     2 ||     4
       Flame Wave        |       |       |       |     2 ||     2
Evoke: Wand              |       |       |     2 |     9 ||    11
  Use: Potion            |       |     2 |     5 |     6 ||    13
       Scroll            |       |    13 |     6 |     7 ||    26
 Stab: Paralysed         |       |     3 |    29 |    36 ||    68
       Sleeping          |       |     1 |     3 |     4 ||     8
Armor: Robe              |     3 |     7 |     6 |       ||    16
       Steam dragon scal |       |       |     4 |     1 ||     5
       Troll leather arm |       |       |       |     8 ||     8
Dodge: Dodged            |    34 |    28 |    61 |    49 ||   172
Block: Buckler           |       |       |       |     6 ||     6
